 Dungeon Crawl Stone Soup version 0.30.1-3-gfc49f6343a (webtiles) character file.

Game seed: 15074017788790096220

276 Destapler the Grave Robber (level 6, -2/36 HPs)
             Began as a Deep Elf Necromancer on July 27, 2023.
             Slain by Blork the orc
             ... wielding a +0 glaive of venom
              (9 damage)
             ... on level 4 of the Dungeon.
             The game lasted 00:13:43 (2641 turns).

Destapler the Grave Robber (Deep Elf Necromancer)   Turns: 2641, Time: 00:13:43

Health: -2/36      AC:  5    Str:  9    XL:     6   Next: 4%
Magic:  8/14       EV: 14    Int: 22    God:
Gold:   55         SH:  5    Dex: 21    Spells: 9/13 levels left

rFire   . . .        i - staff of death
rCold   + . .        (no shield)
rNeg    + . .        n - +2 robe {Will+}
rPois   +            p - +0 helmet
rElec   +            (no cloak)
rCorr   .            (no gloves)
SInv    .            (no boots)
Will    +....        d - amulet "Damnable Contraption" {Reflect rElec rC+ Str+4 SH+5}
Stlth   +++          f - ring of poison resistance
HPRegen 0.26/turn    k - +6 ring of dexterity
MPRegen 0.14/turn

%: reflection
@: brilliant, lethally poisoned (-2 -> -7)
A: no striking features
a: no special abilities


You were on level 4 of the Dungeon.
You visited 1 branch of the dungeon, and saw 4 of its levels.

You collected 136 gold pieces.
You spent 81 gold pieces at shops.

Inventory:

Hand Weapons
 c - a +0 dagger
Armour
 a - a +0 robe
 n - a +2 robe of willpower (worn)
 p - a +0 helmet (worn)
Magical Staves
 i - a staff of death (weapon)
Jewellery
 d - the amulet "Damnable Contraption" (around neck) {Reflect rElec rC+ Str+4 SH+5}
   (You acquired it on level 4 of the Dungeon)

   [amulet of reflection]

   It reflects blocked missile attacks.
   Str:       It affects your strength (+4).
   rC:        It protects you from cold.
   rElec:     It insulates you from electricity.
   SH:        It affects your SH (+5).
 e - a ring of positive energy
 f - a ring of poison resistance (left hand)
 h - a ring of resist corrosion
 k - a +6 ring of dexterity (right hand)
 m - an amulet of guardian spirit
Wands
 q - a wand of charming (9)
Potions
 b - a potion of magic
 g - 3 potions of curing {unknown}
 j - 2 potions of haste {unknown}
 l - a potion of brilliance
 o - a potion of attraction {unknown}
 u - 2 potions of lignification {unknown}
 v - 2 potions of berserk rage {unknown}
 w - a potion of ambrosia {unknown}


   Skills:
 + Level 2.6 Fighting
 + Level 1.5 Staves
 + Level 3.5 Dodging
 + Level 3.7 Stealth
 + Level 4.1 Spellcasting
 - Level 5.0 Necromancy
 + Level 2.0 Evocations


You had 9 spell levels left.
You knew the following spells:

 Your Spells              Type           Power      Damage    Failure   Level
a - Necrotise             Necr           100%       1d9       1%          1
b - Vampiric Draining     Necr           56%        2d10      4%          3

Your spell library contained the following spells:

 Spells                   Type           Power      Damage    Failure   Level
 Freeze                   Ice            24%        1d4       11%         1
 Animate Dead             Necr           56%        N/A       14%         4
 Frozen Ramparts          Ice            12%        1d2       32%         3
 Hailstorm                Conj/Ice       6%         3d4       32%         3
 Agony                    Necr           56%        N/A       36%         5


Dungeon Overview and Level Annotations

Branches:
Dungeon (4/15)
 Temple: D:4-7

Altars:

Shops:
D:4 [

Annotations:
D:4 Blork the orc


Message History

Confirm with . or Enter, or press ? or * to list all spells.
Aiming: Necrotise (safe; 1% risk of failure)
Press: ? - help, Shift-Dir - straight line, f/p - Blork the orc
Aim: Blork the orc, wielding a +0 glaive of venom and wearing a +0 robe (moderately wounded, chance to affect: 83%)
You feel a surge of power!
Blork the orc barely resists.
Blork the orc begins to cast a cantrip, but forgets the words!
Unknown command.
You aren't carrying any scrolls.
You feel clever all of a sudden.
Blork the orc hits you with a +0 glaive of venom!
* * * LOW HITPOINT WARNING * * *
You are poisoned.
Casting: Necrotise (safe; 1% risk of failure)
Confirm with . or Enter, or press ? or * to list all spells.
Aiming: Necrotise (safe; 1% risk of failure)
Press: ? - help, Shift-Dir - straight line, f/p - Blork the orc
Aim: Blork the orc, wielding a +0 glaive of venom and wearing a +0 robe (lightly wounded, chance to affect: 83%)
You feel a strong surge of power!
Blork the orc writhes in agony!
* * * LOW HITPOINT WARNING * * *
You feel very sick. Blork the orc completely misses you.
Casting: Necrotise (safe; 1% risk of failure)
Confirm with . or Enter, or press ? or * to list all spells.
Aiming: Necrotise (safe; 1% risk of failure)
Press: ? - help, Shift-Dir - straight line, f/p - Blork the orc
Aim: Blork the orc, wielding a +0 glaive of venom and wearing a +0 robe (heavily wounded, chance to affect: 83%)
You feel a strong surge of power!
Blork the orc barely resists.
* * * LOW HITPOINT WARNING * * *
You feel very sick. You block Blork the orc's attack.
Casting: Necrotise (safe; 1% risk of failure)
Confirm with . or Enter, or press ? or * to list all spells.
Aiming: Necrotise (safe; 1% risk of failure)
Press: ? - help, Shift-Dir - straight line, f/p - Blork the orc
Aim: Blork the orc, wielding a +0 glaive of venom and wearing a +0 robe (heavily wounded, chance to affect: 83%)
You feel a strong surge of power!
Blork the orc writhes in agony.
* * * LOW HITPOINT WARNING * * *
You feel sick.
Blork the orc hits you with a +0 glaive of venom!
You die...

. .## ... #.#####
#.#...# #
##.#...#.#
#..#..o..#
###....@.#
####(..##...#
######....####....#
#......#### #.....#
##.###### #..##.#
.#.# ...# ..# ...#
.#.# ... #..# #.#..
##. #..#


You could see Blork the orc.

Vanquished Creatures
  Robin (D:2)
  3 adders
  3 dart slugs
  An orc (D:3)
  4 endoplasms
  11 goblins
  9 hobgoblins
  5 quokkas
  6 ball pythons
  9 bats
  2 frilled lizards
  5 kobolds
  2 rats
61 creatures vanquished.

Vanquished Creatures (collateral kills)
  Sigmund (D:2)
  A dart slug (D:2)
  An endoplasm (D:2)
  2 goblins
5 creatures vanquished.

Grand Total: 66 creatures vanquished

Notes
Turn   | Place    | Note
-------+----------+-------------------------------------------
     0 | D:1      | Destapler the Deep Elf Necromancer began the quest for the
                  | Orb.
     0 | D:1      | Reached XP level 1. HP: 10/10 MP: 6/6
   282 | D:1      | Reached skill level 5 in Necromancy
   342 | D:1      | Reached XP level 2. HP: 15/15 MP: 6/8
   610 | D:1      | Reached skill level 1 in Fighting
   964 | D:2      | Noticed Sigmund
   998 | D:2      | Reached XP level 3. HP: 20/21 MP: 5/9
  1091 | D:2      | Killed Sigmund
  1092 | D:2      | Reached skill level 1 in Staves
  1092 | D:2      | Reached skill level 1 in Evocations
  1092 | D:2      | Reached XP level 4. HP: 18/27 MP: 1/11
  1092 | D:2      | Reached XP level 5. HP: 21/31 MP: 1/12
  1233 | D:2      | Noticed Robin
  1259 | D:2      | Killed Robin
  2081 | D:3      | Reached XP level 6. HP: 36/36 MP: 8/14
  2533 | D:4      | Found Napuutra's Antique Armour Shop.
  2548 | D:4      | Identified a scroll of acquirement
  2548 | D:4      | Acquired the amulet "Damnable Contraption" {Reflect rElec
                  | rC+ Str+4 SH+5}
  2565 | D:4      | Bought a glowing robe for 81 gold pieces
  2603 | D:4      | Learned a level 3 spell: Vampiric Draining
  2627 | D:4      | Noticed Blork the orc
  2641 | D:4      | Slain by Blork the orc

Illustrated notes

Levels and vault maps discovered:
D:1:      reono_arrival_mine, layout_basic
D:2:      layout_rooms, uniq_robin, uniq_sigmund
D:3:      layout_loops_corners
D:4:      layout_rooms, mainiacjoe_overflow_brackets, kennysheep_mini,
          serial_shops, shop, gup_ossuary_entry_pyramid,
          nicolae_wooded_promenade, uniq_grinder, uniq_pargi,
          uniq_blork_the_orc, uniq_ijyb

Skill      XL: |  1  2  3  4  5  6 |
---------------+-------------------+-----
Necromancy     | 5 |  5.0
Fighting       | 1 2 |  2.6
Staves         | 1 |  1.5
Dodging        | 3 |  3.5
Stealth        | 3 |  3.7
Evocations     | 1 2 |  2.0
Spellcasting   | 4 |  4.1

Action                     |  1- 3 |  4- 6 || total
---------------------------+-------+-------++-------
  Melee: Dagger            |     1 |       ||     1
         Unarmed           |     1 |       ||     1
         Staff             |     5 |    15 ||    20
   Cast: Necrotise         |    49 |    55 ||   104
    Use: Scroll            |       |     5 ||     5
         Potion            |       |     1 ||     1
   Stab: Sleeping          |     2 |       ||     2
 Armour: Robe              |     2 |     7 ||     9
  Dodge: Dodged            |    21 |    24 ||    45
  Block: Other             |       |     1 ||     1
